 Dungeon Crawl Stone Soup version 0.30-a0-912-ge10d75a369 (webtiles) character file.

Game seed: 905497790869628113

32 Grim the Cudgeller (level 3, -2/29 HPs)
             Began as a Formicid Berserker on Mar 19, 2023.
             Was a Believer of Trog.
             Slain by a hobgoblin (4 damage)
             ... on level 2 of the Dungeon.
             The game lasted 00:02:26 (1352 turns).

Grim the Cudgeller (Formicid Berserker)             Turns: 1352, Time: 00:02:27

Health: -2/29      AC:  2    Str: 23    XL:     3   Next: 42%
Magic:  3/3        EV: 12    Int:  6    God:    Trog [**....]
Gold:   17         SH:  0    Dex: 13    Spells: 2/2 levels left

rFire   . . .      SeeInvis +    a - +0 mace
rCold   . . .      Faith    .    (no shield)
rNeg    . . .      Spirit   .    i - +0 animal skin
rPois   .          Reflect  .    (helmet unavailable)
rElec   .          Rampage  .    (no cloak)
rCorr   .                        (no gloves)
Will    ++...                    (no boots)
Stlth   +                        (no amulet)
HPRegen 1.24/turn                (no ring)
MPRegen 0.08/turn                (no ring)

@: strong-willed, regenerating
A: permanent stasis, dig shafts and tunnels, antennae 3, four strong arms
a: Dig, Shaft Self, Renounce Religion, Trog's Hand


You were on level 2 of the Dungeon.
You worshipped Trog.
Trog was pleased with you.
You visited 1 branch of the dungeon, and saw 2 of its levels.

You collected 85 gold pieces.
You spent 68 gold pieces at shops.

Inventory:

Hand Weapons
 a - a +0 mace (weapon)
 b - a +0 sling of electrocution
Armour
 i - a +0 animal skin (worn)
Scrolls
 c - a scroll of enchant weapon {unknown}
 e - a scroll of poison {unknown}
 h - a scroll of identify {unknown}
 k - a scroll of enchant armour {unknown}
Potions
 d - 2 potions of heal wounds {unknown}
 f - a potion of lignification {unknown}
 g - a potion of curing {unknown}
 j - a potion of brilliance {unknown}


   Skills:
 - Level 3.2 Fighting
 + Level 4.1 Maces & Flails
 + Level 0.5 Ranged Weapons
 - Level 2.1 Armour
 - Level 1.7 Dodging


You had 2 spell levels left.
You didn't know any spells.
Your spell library was empty.

Dungeon Overview and Level Annotations

Branches:
Dungeon (2/15)

Altars:

Shops:
D:2 *(*


Innate Abilities, Weirdness & Mutations

You cannot be hasted, slowed, berserked, paralysed or teleported.
You can dig through walls and to a lower floor.
You have a pair of large antennae on your head. (SInv)
Your four strong arms can wield two-handed weapons with a shield.


Message History

You kill the hobgoblin!
Trog accepts your kill. The goblin hits you with a +0 club.
A hobgoblin comes into view.
You hit the hobgoblin but do no damage. The hobgoblin closely misses you.
The goblin barely misses you. The hobgoblin hits you.
The goblin closely misses you.
You closely miss the hobgoblin. The hobgoblin hits you.
* * * LOW HITPOINT WARNING * * *
The goblin barely misses you. The hobgoblin attacks as you move away!
The hobgoblin hits you.
* * * LOW HITPOINT WARNING * * *
The goblin hits you but does no damage.
There is an open door here.
Things that are here:
a +0 club; a goblin corpse The hobgoblin attacks as you move away!
The hobgoblin misses you. The goblin attacks as you move away!
The goblin hits you but does no damage.
Okay, then.
You barely miss the hobgoblin. The hobgoblin barely misses you.
You closely miss the hobgoblin. The hobgoblin hits you.
* * * LOW HITPOINT WARNING * * *
You sock the hobgoblin!
You kill the hobgoblin!
Trog accepts your kill.
You can now call upon Trog for regeneration and willpower.
You hit the goblin.
You kill the goblin!
Trog accepts your kill. The hobgoblin hits you.
* * * LOW HITPOINT WARNING * * *
You hit the hobgoblin but do no damage. The hobgoblin closely misses you.
You hit the hobgoblin but do no damage. The hobgoblin hits you.
* * * LOW HITPOINT WARNING * * *
You closely miss the hobgoblin. The hobgoblin hits you.
* * * LOW HITPOINT WARNING * * *
Your skin crawls.
You feel strong-willed. The hobgoblin hits you.
You die...

......# ......#
.# ##.##.# #.#
......# #.#
##.######## #.#
#.# ##?.. #.#
##^#
#.....#####.#
...#
#(....#..##.#
####
#.....†..g@.# # #
.....#..##.# # #.
... ####..#
####.. # ####.###
.......#####....#
..........†.#####
.....####.###
..... ##.# .....
#..#


You could see a hobgoblin.

Vanquished Creatures
  A dart slug (D:2)
  6 endoplasms
  A giant cockroach (D:1)
  3 goblins
  3 hobgoblins
  A quokka (D:1)
  2 ball pythons
  A bat (D:1)
  3 frilled lizards
  3 kobolds
  3 rats
27 creatures vanquished.

Notes
Turn   | Place    | Note
-------+----------+-------------------------------------------
     0 | D:1      | Grim the Formicid Berserker began the quest for the Orb.
     0 | D:1      | Reached XP level 1. HP: 18/18 MP: 1/1
   246 | D:1      | Reached XP level 2. HP: 22/24 MP: 2/2
   873 | D:2      | Found Naesotho's Assorted Antiques.
   905 | D:2      | Reached skill level 4 in Maces & Flails
   905 | D:2      | Reached XP level 3. HP: 25/29 MP: 3/3
   908 | D:2      | Identified the +7 war axe of Useofiann {freeze, rElec
                  | rCorr}
   938 | D:2      | Found Facituel's Weapon Boutique.
   950 | D:2      | Bought a +0 sling of electrocution for 68 gold pieces
  1043 | D:2      | Found Yliack's Assorted Antiques.
  1347 | D:2      | Reached ** piety under Trog
  1351 | D:2      | HP: 1/29 [hobgoblin (2)]
  1352 | D:2      | Slain by a hobgoblin

Illustrated notes

Levels and vault maps discovered:
D:1:      lightli_arrival_chessboard, layout_basic, nicolae_eternal_life
D:2:      layout_basic, serial_shops, nicolae_shop_bloodbath_and_beyond,
          nicolae_shop_temple_entry_statues_fountains, nicolae_shop_stone, shop,
          dk_noncrumbling_4, minmay_goblin_kobold_house

Skill      XL: |  1  2 |
---------------+-------+-----
Maces & Flails | 4 |  4.1
Fighting       | |  3.2
Ranged Weapons | |  0.5
Armour         | |  2.1
Dodging        | |  1.7

Action                     || total
---------------------------++-------
  Melee: Mace              ||    50
   Fire: Sling             ||     8
 Invoke: Trog's Hand       ||     1
   Stab: Sleeping          ||     2
 Armour: Animal skin       ||    10
  Dodge: Dodged            ||    25

Table legend: (Time is in decaauts)
 A = Elapsed time spent in this place.
 B = Non-inter-level travel time spent in this place.
 C = Inter-level travel time spent in this place.
 D = Time resting spent in this place.
 E = Time spent auto-exploring this place.
 F = Levels seen in this place.
 G = Mean time per level.
                   A        B        C        D        E       F      G
               +--------+--------+--------+--------+--------+-----+--------+
         Total |   1361 |   1351 |     10 |     26 |   1149 |   2 |  680.5 |
       Dungeon |   1361 |   1351 |     10 |     26 |   1149 |   2 |  680.5 |
               +--------+--------+--------+--------+--------+-----+--------+

Top non-repeatable levels by time:
     D:1: 861 daAuts
     D:2: 500 daAuts
